 Dungeon Crawl Stone Soup version 0.20.1-1-g8b1a95d (webtiles) character file.

1748 equalderp2856 the Cleaver (level 8, -1/70 HPs)
             Began as a Minotaur Fighter on Oct 24, 2017.
             Killed by divine providence
             ... invoked by an orc priest
              (16 damage)
             ... on level 9 of the Dungeon.
             The game lasted 00:09:17 (5380 turns).

equalderp2856 the Cleaver (Minotaur Fighter)        Turns: 5380, Time: 00:09:17

Health: -1/70      AC:  7    Str: 20    XL:     8   Next: 78%
Magic:  7/7        EV: 10    Int:  5    God:
Gold:   312        SH: 11    Dex: 13    Spells: 7/7 levels left

rFire    . . .     SeeInvis .   a - +0 war axe
rCold    . . .     Gourm    .   c - +0 shield
rNeg     . . .     Faith    .   b - +0 scale mail
rPois    .         Spirit   .   (helmet restricted)
rElec    .         Reflect  .   (no cloak)
rCorr    .         Harm     .   (no gloves)
MR       .....                  (no boots)
Stlth    ..........             (no amulet)
Regen    0.3/turn               (no ring)
MPRegen  0.1/turn               (no ring)

@: no status effects
A: retaliatory headbutt, horns 2
a: no special abilities


You were on level 9 of the Dungeon.
You were very hungry.

You visited 1 branch of the dungeon, and saw 9 of its levels.

You collected 312 gold pieces.

Inventory:

Hand Weapons
 a - a +0 war axe (weapon)
Armour
 b - a +0 scale mail (worn)
 c - a +0 shield (worn)
Jewellery
 q - an uncursed ring of protection from fire {unknown}
 x - an uncursed ring of protection from cold {unknown}
Wands
 r - a wand of random effects (31/48)
 t - a wand of flame (26/48)
Scrolls
 g - 5 scrolls of teleportation
 l - 6 scrolls of identify {unknown}
 m - a scroll of amnesia {unknown}
 o - 7 scrolls of remove curse {unknown}
 p - 3 scrolls of magic mapping {unknown}
 v - 3 scrolls of fear {unknown}
 y - 2 scrolls of noise {unknown}
Potions
 d - 2 potions of might
 e - 3 potions of magic {unknown}
 h - a potion of lignification {unknown}
 j - 4 potions of curing {unknown}
 k - 2 potions of heal wounds {unknown}
 s - a potion of invisibility {unknown}
 u - 2 potions of ambrosia {unknown}
 w - a potion of flight {unknown}
 z - a potion of degeneration {unknown}
 A - a potion of haste {unknown}
Comestibles
 f - 5 bread rations
 i - 2 fruits
 n - 4 meat rations


   Skills:
 + Level 5.9 Fighting
 + Level 8.4 Axes
 + Level 7.3 Armour
 + Level 3.7 Dodging
 + Level 0.3 Stealth
 + Level 7.0 Shields


You had 7 spell levels left.
You didn't know any spells.

Dungeon Overview and Level Annotations

Branches:
Dungeon (9/15)             Temple (0/1) D:4
   Lair: D:8-11         Orc: D:9-12

Altars:
Elyvilon
Hepliaklqana
Kikubaaqudgha
Vehumet

Annotations:
D:5 Prince Ribbit


Innate Abilities, Weirdness & Mutations

You reflexively headbutt those who attack you in melee.
You have a pair of horns on your head.


Message History

The bullfrog is almost dead.
You block the bullfrog's attack. x2
Unknown command.
You slash the bullfrog!
You kill the bullfrog!
You closely miss the orc priest. You block the orc priest's attack.
You closely miss the orc priest.
The orc priest hits you but does no damage.
You closely miss the orc priest. You headbutt the orc priest.
The orc priest is lightly wounded.
The orc priest hits you with a mace.
* * * LOW HITPOINT WARNING * * *
You hit the orc priest but do no damage.
You block the orc priest's attack.
You slash the orc priest!
You kill the orc priest!
Your Shields skill increases to level 7!
The orc priest calls down the wrath of Beogh upon you.
Beogh smites you!
You die...

###.#..........#
....####.#####.#
###.####.# #.#
#......# #.#
######## ##.#
#).# #.#.##
#.###.## #.#
##@# ## #)## #o#
#.o ##


You could see an orc priest and an orc.

Vanquished Creatures
  2 hungry ghosts (D:7)
  2 phantoms (D:6)
  A sky beast (D:7)
  2 ogres
  A centaur (D:6)
  2 bullfrogs
  A water moccasin zombie (D:9)
  A killer bee (D:8)
  4 crimson imps
  A quasit (D:7)
  A bullfrog zombie (D:6)
  A centaur zombie (D:5)
  4 hounds
  2 jellies
  2 centaur skeletons
  An orc priest (D:9)
  An iguana (D:4)
  4 worker ants
  A mummy (D:9)
  A howler monkey zombie (D:6)
  4 adders
  3 adder skeletons
  A worm (D:4)
  2 leopard geckos
  6 orcs
  2 ball pythons (D:1)
  6 giant cockroaches
  11 goblins
  6 hobgoblins
  3 jackals (D:1)
  A quokka (D:3)
  5 bats
  2 frilled lizards (D:2)
  9 kobolds
  7 rats
103 creatures vanquished.

Vanquished Creatures (others)
  A human (D:7)
  3 fungi (D:8)
  4 plants
8 creatures vanquished.

Grand Total: 111 creatures vanquished

Notes
Turn   | Place    | Note
-------+----------+-------------------------------------------
     0 | D:1      | equalderp2856 the Minotaur Fighter began the quest for the Orb.
     0 | D:1      | Reached XP level 1. HP: 19/19 MP: 0/0
   151 | D:1      | Reached XP level 2. HP: 27/27 MP: 1/1
   906 | D:2      | Reached XP level 3. HP: 33/33 MP: 2/2
  1030 | D:2      | Reached skill level 3 in Axes
  1440 | D:3      | Found a hazy altar of Hepliaklqana.
  1440 | D:3      | Found an ancient bone altar of Kikubaaqudgha.
  1914 | D:4      | Found a radiant altar of Vehumet.
  1981 | D:4      | Reached XP level 4. HP: 40/40 MP: 3/3
  2310 | D:4      | Reached skill level 4 in Axes
  2645 | D:4      | Reached XP level 5. HP: 46/46 MP: 4/4
  2749 | D:4      | Found a staircase to the Ecumenical Temple.
  2775 | D:5      | Entered Level 5 of the Dungeon
  2776 | D:5      | Reached skill level 1 in Dodging
  2776 | D:5      | Reached skill level 5 in Shields
  2805 | D:5      | Noticed Prince Ribbit
  3075 | D:5      | Reached skill level 5 in Axes
  3075 | D:5      | Reached XP level 6. HP: 53/53 MP: 5/5
  3354 | D:6      | Reached skill level 5 in Armour
  3386 | D:6      | Reached XP level 7. HP: 28/60 MP: 6/6
  3399 | D:6      | Reached skill level 5 in Fighting
  3399 | D:6      | Reached skill level 6 in Axes
  4733 | D:7      | Noticed a hungry ghost
  4756 | D:7      | Killed a hungry ghost
  4756 | D:7      | Reached skill level 7 in Axes
  4756 | D:7      | Reached XP level 8. HP: 66/68 MP: 7/7
  4828 | D:7      | Found a white marble altar of Elyvilon.
  4910 | D:7      | Found an ancient bone altar of Kikubaaqudgha.
  5088 | D:7      | Reached skill level 8 in Axes
  5258 | D:8      | Noticed a two-headed ogre
  5380 | D:9      | Killed from afar by an orc priest

Skill      XL: |  1  2  3  4  5  6  7  8 |
---------------+-------------------------+-----
Armour         | 4 5 6 7 |  7.3
Shields        | 4 5 6 7 |  7.0
Axes           | 3 4 5 7 8 |  8.4
Fighting       | 4 5 |  5.9
Dodging        | 1 2 3 |  3.7
Stealth        | |  0.3

Action                   |  1- 3 |  4- 6 |  7- 9 || total
-------------------------+-------+-------+-------++-------
Melee: War axe           |   126 |   102 |   171 ||   399
       Headbutt          |    15 |    19 |    33 ||    67
  Use: Scroll            |       |       |     1 ||     1
  Eat: Chunk             |     3 |     3 |     1 ||     7
       Royal jelly       |       |       |     3 ||     3
       Meat ration       |       |       |     1 ||     1
Armor: Scale mail        |    53 |    34 |    66 ||   153
Dodge: Dodged            |    45 |    31 |    69 ||   145
Block: Shield            |    65 |    66 |    91 ||   222
